BR (22 & UNDER)
GILBERT FIRE FIGHTERS @ PALMYRA OVERLORDS
09/12/2029
 
TOP OF THE 1ST
Gilbert Fire Fighters batting - Pitching for Palmyra Overlords : RHP Juan Vera
Pitching: RHP Juan Vera
Batting: RHB Raúl Ottoboni 0-0: Called Strike
0-1: Bunted foul
0-2: Ground out 5-3 (Groundball, 56)
Batting: RHB Juan González 0-0: Called Strike
0-1: Fly out, F4 (Flyball, 34D)
Batting: RHB Zachary Gadsden 0-0: Foul Ball, location: 2F
0-1: Ball
1-1: SINGLE (Groundball, 6) (infield hit)
Batting: RHB Travis Mchugh 0-0: Foul Ball, location: 2F
0-1: Ball
1-1: Ball
2-1: Swinging Strike
2-2: Ball
3-2: Foul Ball, location: 2F
3-2: Foul Ball, location: 2F
3-2: Strikes out swinging
Top of the 1st over - 0 runs, 1 hit, 0 errors, 1 left on base; Gilbert 0 - Palmyra 0
BOTTOM OF THE 1ST
Palmyra Overlords batting - Pitching for Gilbert Fire Fighters : RHP Carlos Pérez
Pitching: RHP Carlos Pérez
Batting: RHB Enrico Castro 0-0: Called Strike
0-1: Called Strike
0-2: Ball
1-2: Strikes out swinging
Batting: LHB José Marín 0-0: Foul Ball, location: 2F
0-1: Swinging Strike
0-2: Strikes out looking
Batting: RHB José Gonzáles 0-0: Ball
1-0: Ball
2-0: Ball
3-0: Called Strike
3-1: Foul Ball, location: 2F
3-2: DOUBLE (Line Drive, 89D)
Batting: LHB Miguel Gamboa 0-0: Ball
1-0: Ball
2-0: Foul Ball, location: 2F
2-1: Called Strike
2-2: Foul Ball, location: 2F
2-2: Ball
3-2: Foul Ball, location: 2F
3-2: Fly out, F9 (Flyball, 89M)
Bottom of the 1st over - 0 runs, 1 hit, 0 errors, 1 left on base; Gilbert 0 - Palmyra 0
TOP OF THE 2ND
Gilbert Fire Fighters batting - Pitching for Palmyra Overlords : RHP Juan Vera
Batting: RHB Carlos Canales 0-0: Foul Ball, location: 2F
0-1: Ball
1-1: Foul Ball, location: 2F
1-2: Ball
2-2: Foul Ball, location: 2F
2-2: Ball
3-2: Foul Ball, location: 2F
3-2: Reached on error, E7 (Flyball, 7S)
Batting: LHB Joe Kent 0-0: Ball
1-0: Called Strike
1-1: Ball
2-1: Fly out, F9 (Flyball, 9)
Batting: SHB Germán Roseima 0-0: Fly out, F5 (Popup, 15S)
Batting: LHB Bill Handy 0-0: Called Strike
0-1: Swinging Strike
0-2: Ball
1-2: Strikes out swinging
Top of the 2nd over - 0 runs, 0 hits, 1 error, 1 left on base; Gilbert 0 - Palmyra 0
BOTTOM OF THE 2ND
Palmyra Overlords batting - Pitching for Gilbert Fire Fighters : RHP Carlos Pérez
Batting: LHB Claudio Arce 0-0: Called Strike
0-1: Called Strike
0-2: Ball
1-2: Ball
2-2: Ground out 4-3 (Groundball, 4)
Batting: LHB Chris Hutchison 0-0: Ball
1-0: Foul Ball, location: 2F
1-1: Foul Ball, location: 2F
1-2: SINGLE (Line Drive, 9LS)
Batting: LHB Howard Anderson 0-0: Ball
1-0: Called Strike
1-1: Ball
2-1: Called Strike
2-2: Foul Ball, location: 2F
2-2: Strikes out swinging
Batting: RHB Jesús Salazar 0-0: Ball
1-0: Called Strike
1-1: Called Strike
1-2: Strikes out looking
Bottom of the 2nd over - 0 runs, 1 hit, 0 errors, 1 left on base; Gilbert 0 - Palmyra 0
TOP OF THE 3RD
Gilbert Fire Fighters batting - Pitching for Palmyra Overlords : RHP Juan Vera
Batting: LHB Matt Moore 0-0: SINGLE (Groundball, 4) (infield hit)
Batting: RHB Raúl Ottoboni 0-0: Ball
1-0: Called Strike
1-1: Called Strike
1-2: Fly out, F9 (Flyball, 89S)
Batting: RHB Juan González 0-0: Ball
1-0: Foul Ball, location: 2F
1-1: Ball
2-1: Swinging Strike
2-2: DOUBLE (Line Drive, 7D)
Matt Moore to third
Runner from 3rd tries for Home, SAFE, no throw
Batting: RHB Zachary Gadsden 0-0: Ball
1-0: Called Strike
1-1: Swinging Strike
1-2: Strikes out swinging
Batting: RHB Travis Mchugh 0-0: Called Strike
0-1: Fly out, F9 (Flyball, 9S)
Top of the 3rd over - 1 run, 2 hits, 0 errors, 1 left on base; Gilbert 1 - Palmyra 0
BOTTOM OF THE 3RD
Palmyra Overlords batting - Pitching for Gilbert Fire Fighters : RHP Carlos Pérez
Batting: LHB José Gómez 0-0: Ball
1-0: Called Strike
1-1: Called Strike
1-2: Strikes out swinging
Batting: RHB Enrico Castro 0-0: Foul Ball, location: 2F
0-1: Foul Ball, location: 2F
0-2: Ball
1-2: Strikes out swinging
Batting: LHB José Marín 0-0: Ball
1-0: Foul Ball, location: 2F
1-1: Ball
2-1: Ball
3-1: Base on Balls
Batting: RHB José Gonzáles 0-0: Ball
1-0: Foul Ball, location: 2F
1-1: Fly out, F9 (Flyball, 89S)
Bottom of the 3rd over - 0 runs, 0 hits, 0 errors, 1 left on base; Gilbert 1 - Palmyra 0
TOP OF THE 4TH
Gilbert Fire Fighters batting - Pitching for Palmyra Overlords : RHP Juan Vera
Batting: RHB Carlos Canales 0-0: Called Strike
0-1: Ball
1-1: Fly out, F8 (Flyball, 8RM)
Batting: LHB Joe Kent 0-0: Ball
1-0: Ball
2-0: Ball
3-0: Base on Balls
Batting: SHB Germán Roseima 0-0: Ball
1-0: Foul Ball, location: 2F
1-1: Called Strike
1-2: Ball
2-2: Strikes out swinging
Batting: LHB Bill Handy 0-0: Ball
Joe Kent is caught stealing 2nd base
Top of the 4th over - 0 runs, 0 hits, 0 errors, 0 left on base; Gilbert 1 - Palmyra 0
BOTTOM OF THE 4TH
Palmyra Overlords batting - Pitching for Gilbert Fire Fighters : RHP Carlos Pérez
Batting: LHB Miguel Gamboa 0-0: Ball
1-0: Foul Ball, location: 2F
1-1: Foul Ball, location: 2F
1-2: Strikes out swinging, 2-3 out at first.
Batting: LHB Claudio Arce 0-0: Ball
1-0: Foul Ball, location: 2F
1-1: Ground out 4-3 (Groundball, 4)
Batting: LHB Chris Hutchison 0-0: Ball
1-0: Called Strike
1-1: Ball
2-1: Foul Ball, location: 2F
2-2: Foul Ball, location: 2F
2-2: Strikes out looking
Bottom of the 4th over - 0 runs, 0 hits, 0 errors, 0 left on base; Gilbert 1 - Palmyra 0
TOP OF THE 5TH
Gilbert Fire Fighters batting - Pitching for Palmyra Overlords : RHP Juan Vera
Batting: LHB Bill Handy 0-0: Ball
1-0: Ball
2-0: Fly out, F5 (Popup, 5F)
Batting: LHB Matt Moore 0-0: Ball
1-0: Ball
2-0: Ball
3-0: Called Strike
3-1: SOLO HOME RUN (Flyball, 89XD), Distance : 428 ft
Batting: RHB Raúl Ottoboni 0-0: Called Strike
0-1: Ground out 5-3 (Groundball, 56)
Batting: RHB Juan González 0-0: Called Strike
0-1: Ball
1-1: Ball
2-1: SINGLE (Flyball, 9S)
Batting: RHB Zachary Gadsden 0-0: Called Strike
Juan González steals 2nd base
0-1: Ball
1-1: Foul Ball, location: 2F
1-2: Ball
2-2: Ball
Wild Pitch!
Juan González to third
3-2: Foul Ball, location: 2F
3-2: Foul Ball, location: 2F
3-2: Foul Ball, location: 2F
3-2: 2-RUN HOME RUN (Flyball, 9LD), Distance : 352 ft
Batting: RHB Travis Mchugh 0-0: Called Strike
0-1: Ball
1-1: Ball
2-1: Swinging Strike
2-2: Strikes out swinging
Top of the 5th over - 3 runs, 3 hits, 0 errors, 0 left on base; Gilbert 4 - Palmyra 0
BOTTOM OF THE 5TH
Palmyra Overlords batting - Pitching for Gilbert Fire Fighters : RHP Carlos Pérez
Batting: LHB Howard Anderson 0-0: Called Strike
0-1: Swinging Strike
0-2: Foul Ball, location: 2F
0-2: Ball
1-2: Ball
2-2: Ball
3-2: Base on Balls
Pitching: LHP Sixto Alberty
Batting: RHB Jesús Salazar 0-0: Swinging Strike
0-1: Ball
1-1: Fly out, F8 (Flyball, 78D)
Batting: LHB José Gómez 0-0: Called Strike
0-1: Ball
1-1: DOUBLE (Line Drive, 9LM)
Howard Anderson to third
Batting: RHB Enrico Castro 0-0: Ground out 6-3 (Groundball, 6S)
Howard Anderson scores
José Gómez to third
Batting: LHB José Marín 0-0: Ball
1-0: Called Strike
1-1: Foul Ball, location: 2F
1-2: Ball
2-2: SINGLE (Groundball, 5D)
José Gómez scores
Batting: RHB José Gonzáles 0-0: Ball
1-0: Swinging Strike
José Marín steals 2nd base
1-1: Called Strike
1-2: Foul Ball, location: 2F
1-2: Fly out, F9 (Flyball, 9D)
Bottom of the 5th over - 2 runs, 2 hits, 0 errors, 1 left on base; Gilbert 4 - Palmyra 2
TOP OF THE 6TH
Gilbert Fire Fighters batting - Pitching for Palmyra Overlords : RHP Juan Vera
Batting: RHB Carlos Canales 0-0: Ground out 1-3 (Groundball, 13)
Batting: LHB Joe Kent 0-0: Foul Ball, location: 2F
0-1: Ball
1-1: Ball
2-1: Swinging Strike
2-2: Fly out, F2 (Popup, 2LF)
Batting: SHB Germán Roseima 0-0: Ball
1-0: Foul Ball, location: 2F
1-1: Fly out, F8 (Flyball, 8RM)
Top of the 6th over - 0 runs, 0 hits, 0 errors, 0 left on base; Gilbert 4 - Palmyra 2
BOTTOM OF THE 6TH
Palmyra Overlords batting - Pitching for Gilbert Fire Fighters : LHP Sixto Alberty
Batting: LHB Miguel Gamboa 0-0: Ball
1-0: Foul Ball, location: 2F
1-1: Fly out, F9 (Flyball, 9LSF)
Batting: LHB Claudio Arce 0-0: Fly out, F9 (Flyball, 9LMF)
Batting: LHB Chris Hutchison 0-0: Foul Ball, location: 2F
0-1: Called Strike
0-2: Ball
1-2: Ball
2-2: Strikes out swinging
Bottom of the 6th over - 0 runs, 0 hits, 0 errors, 0 left on base; Gilbert 4 - Palmyra 2
TOP OF THE 7TH
Gilbert Fire Fighters batting - Pitching for Palmyra Overlords : RHP Juan Vera
Pitching: LHP José López
Batting: LHB Bill Handy 0-0: Ball
1-0: Called Strike
1-1: Foul Ball, location: 2F
1-2: Ball
2-2: Ball
3-2: Foul Ball, location: 2F
3-2: Ground out 3-1 (Groundball, 34)
Batting: LHB Matt Moore 0-0: Called Strike
0-1: Ball
1-1: Fly out, F3 (Popup, 3SF)
Pitching: LHP José Sánchez
Batting: RHB Raúl Ottoboni 0-0: Ball
1-0: SINGLE (Line Drive, 8LS)
Batting: RHB Juan González 0-0: Ball
1-0: Called Strike
1-1: Foul Ball, location: 2F
1-2: Fly out, F8 (Line Drive, 8RM)
Top of the 7th over - 0 runs, 1 hit, 0 errors, 1 left on base; Gilbert 4 - Palmyra 2
BOTTOM OF THE 7TH
Palmyra Overlords batting - Pitching for Gilbert Fire Fighters : LHP Sixto Alberty
Batting: LHB Howard Anderson 0-0: Ground out 1-3 (Groundball, 13)
Batting: RHB Jesús Salazar 0-0: Ball
1-0: Ball
2-0: Foul Ball, location: 2F
2-1: Ball
3-1: Base on Balls
Batting: LHB José Gómez 0-0: Ball
1-0: Called Strike
1-1: Ball
2-1: Swinging Strike
2-2: Strikes out looking
Batting: RHB Enrico Castro 0-0: Ball
1-0: Ground out 6-3 (Groundball, 6)
Bottom of the 7th over - 0 runs, 0 hits, 0 errors, 1 left on base; Gilbert 4 - Palmyra 2
TOP OF THE 8TH
Gilbert Fire Fighters batting - Pitching for Palmyra Overlords : LHP José Sánchez
Batting: RHB Zachary Gadsden 0-0: Ball
1-0: Ball
2-0: Ball
3-0: Called Strike
3-1: Foul Ball, location: 2F
3-2: Ground out 5-3 (Groundball, 56)
Batting: RHB Travis Mchugh 0-0: Called Strike
0-1: Foul Ball, location: 2F
0-2: Ball
1-2: Ball
2-2: Strikes out swinging
Batting: RHB Carlos Canales 0-0: Called Strike
0-1: Foul Ball, location: 2F
0-2: Ball
1-2: Fly out, F8 (Flyball, 8RS)
Top of the 8th over - 0 runs, 0 hits, 0 errors, 0 left on base; Gilbert 4 - Palmyra 2
BOTTOM OF THE 8TH
Palmyra Overlords batting - Pitching for Gilbert Fire Fighters : LHP Sixto Alberty
Batting: LHB José Marín 0-0: Called Strike
0-1: Ball
1-1: Foul Ball, location: 2F
1-2: Ball
2-2: Ball
3-2: Strikes out swinging
Batting: RHB José Gonzáles 0-0: Called Strike
0-1: Foul Ball, location: 2F
0-2: Ball
1-2: Ball
2-2: SINGLE (Line Drive, 56D)
Batting: LHB Miguel Gamboa 0-0: Swinging Strike
0-1: Ball
1-1: SINGLE (Line Drive, 6M)
José Gonzáles to second
Batting: LHB Claudio Arce 0-0: Called Strike
0-1: Foul Ball, location: 2F
0-2: Ball
1-2: Ground out 4-3 (Groundball, 4S)
José Gonzáles to third
Miguel Gamboa to second
Pinch Hitting: SHB Fred Noble 0-0: Fly out, F9 (Flyball, 89M)
Bottom of the 8th over - 0 runs, 2 hits, 0 errors, 2 left on base; Gilbert 4 - Palmyra 2
TOP OF THE 9TH
Gilbert Fire Fighters batting - Pitching for Palmyra Overlords : LHP José Sánchez
Now in RF: Fred Noble
Batting: LHB Joe Kent 0-0: Called Strike
0-1: Foul Ball, location: 2F
0-2: Ball
1-2: Fly out, F5 (Popup, 15)
Batting: SHB Germán Roseima 0-0: Ground out 6-3 (Groundball, 56)
Batting: LHB Bill Handy 0-0: Ball
1-0: Ground out 1-3 (Groundball, 13S)
Top of the 9th over - 0 runs, 0 hits, 0 errors, 0 left on base; Gilbert 4 - Palmyra 2
BOTTOM OF THE 9TH
Palmyra Overlords batting - Pitching for Gilbert Fire Fighters : LHP Sixto Alberty
Batting: LHB Howard Anderson 0-0: Foul Ball, location: 2F
0-1: Ball
1-1: Ball
2-1: Ball
3-1: Foul Ball, location: 2F
3-2: Foul Ball, location: 2F
3-2: Foul Ball, location: 2F
3-2: Fly out, F8 (Flyball, 8LD)
Batting: RHB Jesús Salazar 0-0: Called Strike
0-1: Foul Ball, location: 2F
0-2: SINGLE (Line Drive, 6D)
Pinch Hitting: RHB Tom Robinson 0-0: Ball
1-0: Fly out, F9 (Flyball, 9S)
Batting: RHB Enrico Castro 0-0: Foul Ball, location: 2F
0-1: Called Strike
0-2: Strikes out swinging
Bottom of the 9th over - 0 runs, 1 hit, 0 errors, 1 left on base; Gilbert 4 - Palmyra 2
Saturday, December 16th, 2017 - OOTP Baseball 18.8 Build 76